 Dungeon Crawl Stone Soup version 0.30.1-4-g462c640d31 (webtiles) character file.

Game seed: 2244224040157302676

330451 cdecastro the Sorcerer (level 20, -9/176 HPs)
             Began as a Pale Draconian Transmuter on Aug 10, 2023.
             Was the Champion of Sif Muna.
             Mangled by a doom hound (24 damage)
             ... led by Grunn
             ... on level 3 of the Depths.
             The game lasted 04:50:45 (70502 turns).

cdecastro the Sorcerer (Pale Draconian Transmuter) Turns: 70502, Time: 04:50:46

Health: -9/176     AC: 18    Str: 13    XL:     20   Next: 85%
Magic:  41/45      EV: 26    Int: 20    God:    Sif Muna [******]
Gold:   2620       SH:  0    Dex: 14    Spells: 0/61 levels left

rFire   . . .        a - melded staff of air
rCold   . . .        (shield currently unavailable)
rNeg    . . .        (body armour unavailable)
rPois   ∞            R - melded +3 hat of Risoumu {rN+ Str-2 SInv}
rElec   +            O - melded scarf {rC+ rF+}
rCorr   .            D - melded +1 pair of gloves
SInv    .            c - melded +0 pair of boots
Will    ++...        Y - amulet of faith
Stlth   +            X - ring of wizardry
HPRegen 0.49/turn    M - ring of willpower
MPRegen 0.29/turn

%: faith, wizardry (x1)
@: storm-form, flying, studying Maces & Flails, unable to drink
A: cleaving, insubstantial, flying, (breathe steam), AC +10, unfitting armour,
(cold-blooded), (steam resistance), (horns 1), (stinger 1), inability to drink
after injury 1
}: 2/15 runes: decaying, serpentine
a: Blinkbolt, End Transformation, Renounce Religion, Channel Magic, Forget
Spell, Divine Exegesis


You were on level 3 of the Depths.
You worshipped Sif Muna.
Sif Muna was exalted by your worship.
You were a lightning-filled tempest!
You visited 8 branches of the dungeon, and saw 37 of its levels.
You visited the Abyss 1 time.
You visited 1 bazaar.
You also visited: Volcano.

You collected 4727 gold pieces.
You spent 2107 gold pieces at shops.

Inventory:

Hand Weapons
 b - the +5 morningstar "Qeuqeuj" {heavy, rElec rPois rCorr Dex-2}
   (You found it on level 9 of the Dungeon)

   Dex:       It affects your dexterity (-2).
   rElec:     It insulates you from electricity.
   rPois:     It protects you from poison.
   rCorr:     It protects you from acid and corrosion.
Armour
 c - a +0 pair of boots (melded)
 D - a +1 pair of gloves (melded)
 O - a scarf of resistance (melded)
 R - the +3 hat of Risoumu (melded) {rN+ Str-2 SInv}
   (You found it on level 12 of the Dungeon)

   Str:       It affects your strength (-2).
   rN:        It protects you from negative energy.
   SInv:      It lets you see invisible.
Magical Staves
 a - a staff of air (melded)
 E - a staff of fire
Jewellery
 f - the ring "Kaychav" {Fire rPois}
   (You found it on level 1 of the Snake Pit)

   [ring of fire]

   It enhances your fire magic.
   rF:        It protects you from fire.
   rC:        It makes you vulnerable to cold.
   rPois:     It protects you from poison.
 g - the ring "Cops" {rPois rN+ Will+ Str-4 SInv}
   (You bought it in a shop on level 3 of the Depths)

   [ring of see invisible]

   Str:       It affects your strength (-4).
   rPois:     It protects you from poison.
   rN:        It protects you from negative energy.
   SInv:      It lets you see invisible.
   Will:      It increases your willpower.
 p - a +5 ring of evasion
 w - a ring of the Octopus King {rCorr HP+2 AC+2 EV+2 SH+2}
   (You found it on level 1 of the Snake Pit)

   [ring of resist corrosion]

   AC:        It affects your AC (+2).
   EV:        It affects your evasion (+2).
   HP:        It affects your health (+2).
   rCorr:     It protects you from acid and corrosion.
   SH:        It affects your SH (+2).
 F - a ring of ice
 H - a ring of see invisible
 K - an amulet of regeneration
 L - a ring of wizardry
 M - a ring of willpower (right fist)
 W - a ring of positive energy
 X - a ring of wizardry (left fist)
 Y - an amulet of faith (around neck)
 Z - a ring of magical power
Wands
 A - a wand of flame (80)
 G - a wand of light (26)
 J - a wand of digging (14)
 N - a wand of charming (25)
 T - a wand of roots (10)
 U - a wand of mindburst (20)
Scrolls
 d - 4 scrolls of torment
 h - a scroll of fear
 j - a scroll of immolation
 k - 7 scrolls of magic mapping
 l - 4 scrolls of teleportation
 v - 2 scrolls of butterflies
 y - 2 scrolls of silence
 B - 2 scrolls of vulnerability
 I - 5 scrolls of fog
 Q - 5 scrolls of blinking
 S - a scroll of amnesia
 V - 2 scrolls of poison
Potions
 e - 4 potions of invisibility
 i - 3 potions of flight
 m - 11 potions of attraction
 n - 6 potions of brilliance
 o - 3 potions of magic
 q - 22 potions of curing
 r - 7 potions of haste
 s - a potion of mutation
 t - 4 potions of lignification
 z - 3 potions of might
 C - 8 potions of cancellation
 P - 4 potions of heal wounds
Miscellaneous
 u - a phial of floods
 x - a box of beasts


   Skills:
 + Level 14.4 Fighting
 - Level 12.4 Dodging
 - Level 14.0 Unarmed Combat
 - Level 21.1 Spellcasting
 - Level 15.0 Transmutations
 - Level 5.0 Fire Magic
 * Level 14.0 Air Magic
 - Level 11.0 Invocations


You couldn't memorise any spells.
You knew the following spells:

 Your Spells              Type           Power      Damage    Failure   Level
a - Storm Form            Tmut/Air       34%        N/A       1%          7
b - Wereblood             Tmut           69%        N/A       0%          2
c - Irradiate             Conj/Tmut      25%        3d20      1%          5
d - Dragon Form           Tmut           34%        N/A       1%          7
e - Mephitic Cloud        Conj/Pois/Air  39%        N/A       1%          3
f - Airstrike             Air            33%        2d(5-21)  1%          4
g - Summon Lightning Spi  Summ/Air       49%        N/A       1%          4
h - Plasma Beam           Fire/Air       28%        2x1d44    2%          6
i - Freezing Cloud        Conj/Ice/Air   19%        6-21      3%          5
j - Arcjolt               Conj/Air       24%        1d34      1%          5
k - Silence               Hex/Air        24%        N/A       1%          5
l - Maxwell's Capacitive  Air            33%        ∞         19%         8

Your spell library contained the following spells:

 Spells                   Type           Power      Damage    Failure   Level
 Beastly Appendage        Tmut           100%       N/A       0%          1
 Swiftness                Air            67%        N/A       0%          3
 Foxfire                  Conj/Fire      100%       2x1d9     1%          1
 Freeze                   Ice            84%        1d9       1%          1
 Magic Dart               Conj           84%        1d7       1%          1
 Sandblast                Erth           42%        2d11      1%          1
 Shock                    Conj/Air       100%       1d9       1%          1
 Sting                    Tmut/Pois      100%       1d8       1%          1
 Summon Small Mammal      Summ           84%        N/A       1%          1
 Blink                    Tloc           42%        N/A       1%          2
 Call Imp                 Summ           42%        N/A       1%          2
 Cigotuvi's Dreadful Rot  Necr/Pois/Air  78%        N/A       1%          2
 Ensorcelled Hibernation  Hex/Ice        42%        N/A       1%          2
 Lesser Beckoning         Tloc           42%        N/A       1%          2
 Momentum Strike          Conj/Tloc      42%        3d9       1%          2
 Passwall                 Tmut/Erth      41%        N/A       1%          2
 Poisonous Vapours        Pois/Air       98%        N/A       1%          2
 Scorch                   Fire           82%        2d8       1%          2
 Static Discharge         Conj/Air       98%        2-7/arc   1%          2
 Ignite Poison            Fire/Tmut/Pois 47%        N/A       1%          3
 Inner Flame              Hex/Fire       31%        N/A       1%          3
 Spider Form              Tmut/Pois      50%        N/A       1%          3
 Vhi's Electric Charge    Tloc/Air       98%        N/A       1%          3
 Volatile Blastmotes      Fire/Tloc      62%        2d15      1%          3
 Ice Form                 Ice/Tmut       50%        N/A       1%          4
 Petrify                  Tmut/Erth      50%        N/A       1%          4
 Alistair's Intoxication  Tmut/Pois      33%        N/A       1%          5
 Blade Hands              Tmut           34%        N/A       1%          5
 Yara's Violent Unravell  Hex/Tmut       25%        3d11      1%          5
 Call Canine Familiar     Summ           21%        N/A       2%          3
 Confusing Touch          Hex            21%        N/A       2%          3
 Dazzling Flash           Conj/Hex       42%        N/A       2%          3
 Frozen Ramparts          Ice            42%        1d7       2%          3
 Gell's Gravitas          Tloc           21%        N/A       2%          3
 Hailstorm                Conj/Ice       21%        3d6       2%          3
 Ozocubu's Armour         Ice            21%        N/A       2%          3
 Portal Projectile        Hex/Tloc       42%        N/A       2%          3
 Stone Arrow              Conj/Erth      42%        3d9       2%          3
 Summon Guardian Golem    Hex/Summ       21%        N/A       2%          3
 Teleport Other           Tloc           21%        N/A       2%          3
 Tukima's Dance           Hex            21%        N/A       2%          3
 Vampiric Draining        Necr           21%        2d7       2%          3
 Flame Wave               Conj/Fire      31%        2d9       3%          4
 Sticky Flame             Conj/Fire      31%        2d5       3%          4
 Eringya's Noxious Bog    Tmut/Pois      25%        N/A       6%          6
 Statue Form              Tmut/Erth      33%        N/A       6%          6
 Conjure Ball Lightning   Conj/Air       24%        3x3d7     8%          6
 Anguish                  Hex/Necr       10%        N/A       9%          4
 Animate Dead             Necr           21%        N/A       9%          4
 Cause Fear               Hex            10%        N/A       9%          4
 Dispel Undead            Necr           21%        3d11      9%          4
 Fulminant Prism          Conj/Hex       10%        3d8       9%          4
 Iskenderun's Mystic Bla  Conj/Tloc      21%        2d6       9%          4
 Leda's Liquefaction      Hex/Erth       10%        N/A       9%          4
 Manifold Assault         Tloc           21%        N/A       9%          4
 Passage of Golubria      Tloc           21%        N/A       9%          4
 Summon Ice Beast         Ice/Summ       21%        N/A       9%          4
 Fireball                 Conj/Fire      15%        3d8       9%          5
 Agony                    Necr           21%        N/A       24%         5
 Iskenderun's Battlesphe  Conj           21%        2d7       24%         5
 Summon Forest            Summ/Tloc      10%        N/A       24%         5
 Summon Mana Viper        Hex/Summ       21%        N/A       24%         5
 Starburst                Conj/Fire      15%        6d6       43%         6
 Simulacrum               Ice/Necr       10%        N/A       77%         6
 Summon Cactus Giant      Summ           10%        N/A       77%         6
 Necromutation            Tmut/Necr      25%        N/A       92%         8
 Enfeeble                 Hex            10%        N/A       99%         7
 Haunt                    Necr/Summ      10%        N/A       99%         7
 Malign Gateway           Summ/Tloc      10%        N/A       99%         7
 Orb of Destruction       Conj           10%        9d6       99%         7
 Ozocubu's Refrigeration  Ice            10%        4d9       99%         7
 Spellforged Servitor     Conj/Summ      10%        N/A       99%         7
 Summon Hydra             Summ           10%        N/A       99%         7
 Ignition                 Fire           20%        3d7       99%         8
 Disjunction              Tloc           10%        N/A       100%        8
 Infestation              Necr           10%        N/A       100%        8
 Lehudib's Crystal Spear  Conj/Erth      10%        10d4      100%        8
 Chain Lightning          Conj/Air       24%        3d32      100%        9
 Fire Storm               Conj/Fire      15%        8d4       100%        9
 Polar Vortex             Ice            10%        N/A       100%        9
 Shatter                  Erth           10%        3d12*     100%        9


Dungeon Overview and Level Annotations

Branches:
Dungeon (15/15)            Temple (1/1) D:7            Lair (5/5) D:8
  Swamp (4/4) Lair:2        Snake (4/4) Lair:3        Slime (0/5) Lair:4
    Orc (2/2) D:9             Elf (2/3) Orc:2        Vaults (0/5) D:13
 Depths (4/4) D:15        Volcano (visited)
    Zot: Depths:4

Altars:
Ashenzari
Cheibriados
Dithmenos
Elyvilon
Fedhas
Gozag
Hepliaklqana
Kikubaaqudgha
Makhleb
Nemelex Xobeh
Okawaru
Qazlal
Ru
Sif Muna
Trog
Uskayaw
Vehumet
Wu Jian
Xom
Yredelemnul
Zin
The Shining One
Jiyva

Shops:
D:7 *[   D:15 !   Orc:2 *=?[(   Elf:1 *!:   Snake:4 ?   Depths:1 *   Depths:3 =

Portals:
Hell: Depths:1 Depths:2 Depths:3
Abyss: Depths:3
Pandemonium: Orc:2 Depths:2

Annotations:
Depths:4 Grunn


Innate Abilities, Weirdness & Mutations

You are a lightning-filled tempest!
Your electrical attacks strike out in all directions at once.
You are incredibly evasive.
Your insubstantial body is immune to petrification, constriction, and being set on fire You are flying.
You are immune to poison.
Your armour is entirely melded.
You are incapable of wielding weapons or throwing items.
((You can breathe blasts of scalding, opaque steam.))
((Your pale cyan-grey scales are hard. (AC +10)))
You cannot fit into any form of body armour.
((You are cold-blooded and may be slowed by cold attacks.))
((You are immune to the effects of steam.))
((You have a pair of small horns on your head.))
((Your tail ends in a venomous barb.))
You occasionally lose the ability to drink potions when taking damage.


Message History

The doom hound is moderately wounded.
The doom hound is engulfed in noxious fumes.
The doom hound bites you!
* * * LOW HITPOINT WARNING * * *
The doom hound misses you.
Unknown command.
Press: ? - help, v - describe, . - travel
Here: a doom hound (noxious fumes, moderately wounded)
The floor, spattered with blood.
Unknown command.
You blast the doom hound!!!
Lightning courses through the doom hound!
The doom hound is severely wounded.
The doom hound is engulfed in noxious fumes.
The doom hound bites you!!
* * * LOW HITPOINT WARNING * * *
The doom hound closely misses you.
Unknown command.
Unknown command.
You completely miss the doom hound. You punch the doom hound.
The doom hound is severely wounded.
The doom hound is engulfed in noxious fumes.
The doom hound bites you!!
You feel threatened and lose the ability to drink potions!
* * * LOW HITPOINT WARNING * * *
The doom hound completely misses you.
Unknown command.
Unknown command.
You hit the doom hound.
The doom hound is almost dead.
The doom hound misses you. The doom hound claws you!
* * * LOW HITPOINT WARNING * * *
Unknown command.
Unknown command.
Unknown command.
You hit the doom hound.
Lightning courses through the doom hound!
The doom hound is almost dead.
The doom hound bites you!!
You die...

##...## #.....#
##....#### #.....(..#
####.#..####
#.....#....#
####.##..#..####
###[##...<#(...#.##
####hv.#....##..#....#
##.###°[#####....#..#.#
#.....).#......#.#(....
##...#..##[.#...##...#.
###.........[###..#..#
###...##....#.....#..>#
#.#####..##.#.#.#.#.#..
#|.........##..#####...
##...#...####..#.......


You could see a doom hound.

Vanquished Creatures
  3 juggernauts
  the Lernaean hydra (Swamp:4)
  Saint Roka (Depths:2)
  5 caustic shrikes (Depths:3)
  2 bone dragons (Depths:3)
  Jorgrun (D:9)
  A doom hound (Depths:3)
  A tentacled monstrosity (Depths:3)
  Zenata (Elf:1)
  2 liches
  3 quicksilver dragons
  Asterion (Elf:1)
  A deep elf blademaster (Elf:2)
  A sphinx (Depths:3)
  A tentacled starspawn (Abyss:3)
  The ghost of jujuben the Warrior, an adept MiMo of Wu Jian (Snake:1)
  A thorn hunter (Swamp:4)
  The ghost of Kilet the Geomancer, an adept GrEE of Vehumet (D:14)
  Agnes (Elf:1)
  Donald (Orc:2)
  A tengu reaver (Depths:2)
  A fenstrider witch (Swamp:4)
  4 frost giants
  3 fire giants
  8 nagarajas
  A deep elf sorcerer (Elf:1)
  Aizul (Lair:2)
  2 balrugs
  Louise (Swamp:3)
  A caustic shrike zombie (Abyss:3)
  A spriggan defender (Depths:3)
  7 stone giants
  9 very ugly things
  A vampire knight (Depths:3)
  5 eleionomae
  2 reapers (Depths:3)
  A deep elf demonologist (Elf:1)
  A bunyip (Swamp:2)
  A deep elf annihilator (Elf:2)
  The ghost of Jingleheimer the Severer, a journeyman MeFi of Ashenzari (Orc:2)
  5 spark wasps
  The ghost of Babbit the Cleaver, a journeyman MiFi of Okawaru (Lair:1)
  2 green deaths (Swamp:4)
  Josephine (Lair:3)
  3 ettins
  6 fire dragons
  A deep elf death mage (Elf:2)
  Fannar (Lair:2)
  4 ice dragons
  A great orb of eyes (Swamp:4)
  2 salamander tyrants (Snake:4)
  3 rakshasas
  A shambling mangrove (Swamp:4)
  3 demonspawn (Orc:2)
  A hell beast (Swamp:4)
  2 spriggan air magi
  12 hydras
  A ghost crab (Swamp:4)
  A death knight (D:13)
  9 anacondas
  An ogre mage (D:15)
  6 catoblepae
  9 alligators
  3 centaur warriors (D:13)
  4 vault guards
  3 boulder beetles
  14 two-headed ogres
  4 deep troll shamans
  A hell hog (Depths:2)
  9 naga warriors
  25 dancing weapons
  3 deep troll earth magi
  8 naga sharpshooters
  3 thrashing horrors
  A titan zombie (Depths:1)
  8 orc high priests
  6 shock serpents
  8 death yaks
  3 tengu warriors
  3 vampire magi
  A soul eater (Depths:2)
  4 spriggan berserkers
  8 hell knights (Depths:2)
  Sonja (Lair:4)
  8 sun demons
  4 iron trolls (Depths:1)
  Amaemon (Lair:3)
  10 deep elf knights
  2 sixfirhies (D:12)
  A skyshark (Lair:1)
  3 salamander mystics
  10 deep trolls
  A goliath frog (Swamp:1)
  5 spriggan druids
  2 sea snakes (Snake:3)
  4 bunyip zombies (Swamp:4)
  4 glowing orange brains
  5 naga ritualists
  7 bog bodies
  7 deep elf archers
  A fenstrider witch simulacrum (Swamp:1)
  23 deep elf zephyrmancers
  3 necromancers
  3 wizards
  5 swamp dragons (Swamp:4)
  5 orc knights
  12 mana vipers
  19 deep elf pyromancers
  13 salamanders
  4 orc sorcerers (Orc:2)
  23 ugly things
  6 manticores
  A wolf spider zombie (D:13)
  A moth of wrath (Orc:2)
  4 will-o-the-wisps
  36 black mambas
  3 cyclopes
  7 elephants
  A moth of wrath (shapeshifter) (D:15)
  12 naga magi
  Maurice (Orc:1)
  A rust devil (Depths:2)
  5 smoke demons
  5 guardian serpents
  5 orange demons
  8 centaur zombies (D:13)
  6 cane toads
  3 demonic crawlers (Elf:2)
  5 molten gargoyles (Volcano)
  2 torpor snails (Lair:5)
  2 large abominations (Swamp:4)
  An efreet (D:10)
  4 gargoyles
  8 rime drakes
  2 unseen horrors
  2 tengu conjurers
  2 tormentors
  6 komodo dragons
  A freezing wraith (D:14)
  4 yaktaurs (D:15)
  A merfolk (shapeshifter) (Depths:3)
  14 trolls
  A harpy zombie (D:13)
  An ice devil (Orc:2)
  A meliai (shapeshifter) (Depths:3)
  3 bloated husks
  3 meliai (D:13)
  A polar bear (shapeshifter) (Elf:2)
  A wind drake (shapeshifter) (D:13)
  A polar bear (Lair:5)
  5 tyrant leeches
  3 blink frogs (Lair:3)
  Grinder (D:6)
  4 raiju (D:12)
  7 hornets
  21 dream sheep
  An iron dragon simulacrum (Depths:1)
  A centaur simulacrum (D:15)
  A stone giant simulacrum (Depths:1)
  2 air elementals
  3 shadows
  A ynoxinul (Abyss:3)
  23 slime creatures
  6 spriggans
  Sigmund (D:6)
  8 wraiths
  3 vampires
  A spriggan skeleton (Swamp:1)
  5 wyverns
  2 fire elementals
  6 basilisks
  3 fire bats (Depths:2)
  62 yaks
  2 chaos spawn
  2 steam dragons
  2 neqoxecs (Depths:2)
  2 spriggan simulacra
  9 vampire mosquitoes
  3 wargs
  18 nagas
  13 swamp worms
  14 water moccasins
  3 acid dragons
  33 orc warriors
  A hell hound (D:14)
  6 black bears
  2 swamp drakes
  An ice beast (D:7)
  3 centaurs
  8 ogres
  2 swamp dragon skeletons (Swamp:4)
  4 wolves (Lair:5)
  A phantom (D:5)
  2 kobold brigands
  12 bullfrogs
  A gnoll sergeant (Orc:2)
  3 earth elementals
  4 scorpions
  A small abomination (Swamp:4)
  6 killer bees (D:7)
  4 electric eels
  2 lava snakes (Lair:3)
  6 hounds
  3 gnoll boudas
  6 jellies
  17 orc priests
  2 iguanas (D:4)
  15 orc wizards
  2 boggart zombies (D:13)
  2 hell rats (D:15)
  17 gnolls
  7 adders
  A shadow imp (D:5)
  A white imp (D:5)
  5 worms
  2 dart slugs
  94 orcs
  4 ball pythons (D:1)
  2 bats
  10 endoplasms
  2 giant cockroaches (D:1)
  7 goblins
  6 hobgoblins
  3 jackals (D:1)
  4 quokkas
  2 frilled lizards
  17 kobolds
  7 rats
1212 creatures vanquished.

Vanquished Creatures (collateral kills)
  A red draconian (Volcano)
  A fire dragon (Depths:3)
  An ice dragon (Depths:3)
  A hydra (Swamp:1)
  An anaconda (Snake:4)
  A two-headed ogre (D:15)
  A tengu warrior (Depths:3)
  An orc high priest (Orc:2)
  2 orc knights (Orc:2)
  A mana viper (Snake:4)
  An orc sorcerer (Orc:2)
  A cyclops (Orc:2)
  An ugly thing (D:15)
  3 salamanders (Volcano)
  A centaur zombie (D:13)
  2 naga magi
  2 black mambas (Snake:2)
  A smoke demon (Depths:1)
  A slime creature (D:14)
  A vampire (D:13)
  3 basilisks
  A wyvern (D:15)
  A vampire mosquito (D:13)
  3 orc warriors (Orc:2)
  An ogre (D:15)
  12 orc priests
  A gnoll (Orc:2)
  10 orcs
57 creatures vanquished.

Vanquished Creatures (others)
  An air elemental (Elf:1)
  A spriggan (Lair:2)
  A water elemental (Elf:1)
  A fire elemental (Elf:1)
  An orc (Orc:1)
  6 foxfires
  2 starspawn tentacles (Abyss:3)
13 creatures vanquished.

Grand Total: 1282 creatures vanquished

Notes
Turn   | Place    | Note
-------+----------+-------------------------------------------
     0 | D:1      | cdecastro the Draconian Transmuter began the quest for the
                  | Orb.
     0 | D:1      | Reached XP level 1. HP: 16/16 MP: 3/3
   264 | D:1      | Reached XP level 2. HP: 20/23 MP: 3/5
   564 | D:1      | Learned a level 2 spell: Wereblood
   587 | D:1      | Reached XP level 3. HP: 28/28 MP: 4/6
   775 | D:2      | Found a hide-covered altar of Uskayaw.
  1668 | D:3      | Reached XP level 4. HP: 35/35 MP: 3/7
  1876 | D:3      | Learned a level 3 spell: Spider Form
  2041 | D:3      | Reached XP level 5. HP: 26/40 MP: 6/8
  2237 | D:3      | Found a stormy altar of Qazlal.
  2413 | D:3      | Found a shimmering altar of Xom.
  2413 | D:3      | Found an ancient bone altar of Kikubaaqudgha.
  3118 | D:4      | Reached skill level 5 in Transmutations
  3242 | D:4      | Reached XP level 6. HP: 32/47 MP: 9/9
  3583 | D:4      | Reached skill level 5 in Unarmed Combat
  3843 | D:5      | Entered Level 5 of the Dungeon
  3923 | D:5      | Noticed a yak
  3923 | D:5      | Noticed a yak
  4230 | D:5      | Your scales start taking on a pale cyan-grey colour.
  4230 | D:5      | Reached XP level 7. HP: 45/52 MP: 3/10
  4230 | D:5      | Gained mutation: You are immune to the effects of steam.
                  | [Pale Draconian growth]
  5393 | D:6      | Noticed Sigmund
  5477 | D:6      | Reached XP level 8. HP: 59/59 MP: 11/11
  5488 | D:6      | Found a white marble altar of Elyvilon.
  5506 | D:6      | Learned a level 4 spell: Ice Form
  5678 | D:6      | Noticed Grinder
  5683 | D:6      | Paralysed by Grinder for 3 turns
  5692 | D:6      | Paralysed by Grinder for 2 turns
  5696 | D:6      | Killed Grinder
  5861 | D:6      | Killed Sigmund
  6448 | D:7      | Found a radiant altar of Vehumet.
  6495 | D:7      | Reached XP level 9. HP: 64/64 MP: 12/12
  6513 | D:7      | Reached skill level 10 in Transmutations
  6617 | D:7      | Found Wenataas's Armour Shop.
  6762 | D:7      | Found Iduev's Fire Supplies.
  6900 | D:7      | Found a staircase to the Ecumenical Temple.
  7048 | Temple   | Entered the Ecumenical Temple
  7135 | Temple   | Became a worshipper of Sif Muna the Loreminder
  7780 | D:8      | Noticed an elephant
  8254 | D:8      | Killed an elephant
  8255 | D:8      | Reached XP level 10. HP: 41/71 MP: 9/13
  8403 | D:8      | Found a staircase to the Lair.
  8566 | D:8      | Found a burning altar of Makhleb.
  8764 | D:8      | Reached * piety under Sif Muna
  9388 | D:9      | Found a staircase to the Orcish Mines.
  9537 | D:9      | Identified the +5 morningstar "Qeuqeuj" {heavy, rElec rPois
                  | rCorr Dex-2}
  9746 | D:9      | Found a blossoming altar of Fedhas.
  9783 | D:9      | Found a glowing silver altar of Zin.
  9981 | D:10     | Entered Level 10 of the Dungeon
 10237 | D:10     | Got Veimid's Spellbook of Summoning
 10630 | D:10     | You fall into a shaft and drop 3 floors!
 10667 | D:13     | Noticed a manticore
 10686 | D:13     | Reached skill level 15 in Transmutations
 10686 | D:13     | Reached XP level 11. HP: 77/77 MP: 14/14
 11295 | D:13     | Reached skill level 5 in Fighting
 11441 | D:12     | Noticed a two-headed ogre
 11442 | D:12     | Noticed a white ugly thing
 11448 | D:12     | Noticed a cyan ugly thing
 11453 | D:12     | Noticed a sixfirhy
 11453 | D:12     | Noticed a sixfirhy
 11454 | D:12     | Noticed a deep elf zephyrmancer
 11674 | D:12     | Killed a cyan ugly thing
 12550 | D:10     | Reached XP level 12. HP: 69/100 MP: 15/15
 13441 | D:11     | Noticed a two-headed ogre
 13449 | D:11     | Killed a two-headed ogre
 13450 | D:11     | Reached skill level 3 in Spellcasting
 13596 | D:11     | Reached skill level 4 in Spellcasting
 13746 | D:11     | Noticed a two-headed ogre
 13757 | D:11     | Killed a two-headed ogre
 14132 | D:11     | Reached skill level 5 in Spellcasting
 14891 | Lair:1   | Entered Level 1 of the Lair of Beasts
 14918 | Lair:1   | Found a runed translucent gate.
 14918 | Lair:1   | Found a runed translucent gate.
 14919 | Lair:1   | Found a runed translucent gate.
 14922 | Lair:1   | Noticed Babbit's ghost (journeyman MiFi)
 14927 | Lair:1   | Found a viscous altar of Jiyva.
 15506 | Lair:1   | Reached ** piety under Sif Muna
 15507 | Lair:1   | Reached skill level 6 in Spellcasting
 16044 | Lair:2   | Noticed Fannar
 16171 | Lair:2   | Found a staircase to the Swamp.
 16588 | Lair:1   | Reached skill level 7 in Spellcasting
 16825 | Lair:1   | HP: 5/120 [skyshark (5)]
 16826 | Lair:1   | HP: 1/120 [cloud of steam (4)]
 17673 | Lair:1   | Reached skill level 5 in Dodging
 18116 | Lair:2   | Noticed a five-headed hydra
 18134 | Lair:2   | Noticed a six-headed hydra
 18362 | Lair:2   | Killed Fannar
 18931 | Lair:3   | Reached skill level 1 in Invocations
 19267 | Lair:3   | Noticed Amaemon
 19359 | Lair:2   | Killed a six-headed hydra
 19360 | Lair:2   | Reached XP level 13. HP: 86/105 MP: 20/23
 19768 | Lair:3   | Reached *** piety under Sif Muna
 20018 | Lair:3   | Found a staircase to the Snake Pit.
 20885 | Lair:4   | Learned a level 3 spell: Ignite Poison
 20904 | Lair:4   | Learned a level 3 spell: Mephitic Cloud
 21112 | Lair:4   | Reached skill level 5 in Invocations
 21393 | Lair:4   | Identified the +0 cloak of Dithmenos {*Slow rElec rPois
                  | Int+3}
 21510 | Lair:4   | Noticed Sonja
 21519 | Lair:4   | Killed Sonja
 21745 | Lair:4   | Noticed Josephine
 22166 | Lair:3   | Killed Josephine
 22167 | Lair:3   | Reached skill level 1 in Air Magic
 22520 | Lair:4   | Found a viscous altar of Jiyva.
 22520 | Lair:4   | Found a staircase to the Slime Pits.
 22983 | Lair:5   | Entered Level 5 of the Lair of Beasts
 23236 | Lair:5   | Reached **** piety under Sif Muna
 23303 | Lair:5   | Reached skill level 5 in Air Magic
 24963 | Lair:5   | Reached XP level 14. HP: 86/118 MP: 5/24
 26249 | Lair:5   | Reached ***** piety under Sif Muna
 27440 | Lair:3   | Killed Amaemon
 27695 | D:12     | Identified the +5 sling "Ivirch" {heavy, Str+3}
 28007 | D:12     | Learned a level 4 spell: Airstrike
 28012 | D:12     | Learned a level 4 spell: Summon Lightning Spire
 28141 | D:12     | Identified the +3 hat of Risoumu {rN+ Str-2 SInv}
 28714 | D:12     | Received a gift from Sif Muna
 28719 | D:12     | Got Sif Muna's Early Guide to the Wizard's Wisdom {god
                  | gift}
 29749 | D:12     | Reached skill level 10 in Air Magic
 30112 | D:13     | Found a gate to the Vaults.
 31395 | D:13     | Found a basalt altar of Yredelemnul.
 31578 | D:13     | Learned a level 5 spell: Blade Hands
 31590 | D:13     | Reached XP level 15. HP: 122/124 MP: 22/26
 32034 | D:14     | Found a runed translucent door.
 32039 | D:14     | Noticed Kilet's ghost (adept GrEE)
 32250 | D:14     | Reached skill level 8 in Spellcasting
 32440 | D:15     | Entered Level 15 of the Dungeon
 33766 | D:15     | Found Vufub's Distillery.
 34202 | D:15     | Received a gift from Sif Muna
 34203 | D:15     | Got Sif Muna's Almanac of Evolution {god gift}
 34213 | D:15     | Found a staircase to the Depths.
 34571 | D:15     | HP: 1/124 [yaktaur/bolt (12)]
 35019 | D:14     | Reached skill level 9 in Spellcasting
 35801 | Orc:1    | Entered Level 1 of the Orcish Mines
 35859 | Orc:1    | Found a dark tunnel.
 35871 | Volcano  | Entered a volcano
 35889 | Volcano  | Reached skill level 10 in Fighting
 36983 | Volcano  | Noticed an orb of fire
 37047 | Volcano  | Noticed an orb of fire
 37213 | Orc:1    | Noticed Jorgrun
 37216 | Orc:1    | Noticed Maurice
 37568 | D:9      | Learned a level 7 spell: Dragon Form
 37771 | Snake:1  | Entered Level 1 of the Snake Pit
 38248 | Snake:1  | Found a runed translucent door.
 38248 | Snake:1  | Found a shimmering altar of Xom.
 38248 | Snake:1  | Noticed jujuben's ghost (adept MiMo)
 38249 | Snake:1  | Identified the +6 double sword of Terror {chaos, rF+ Int+4
                  | Dex+3}
 38250 | Snake:1  | Found the ring of the Octopus King
 38280 | Snake:1  | Identified the +4 trident "Ifimobuv" {flame, Dex+2 SInv}
 38333 | Snake:1  | Reached skill level 10 in Spellcasting
 38337 | Snake:1  | Reached XP level 16. HP: 139/139 MP: 30/30
 39703 | Snake:1  | Learned a level 5 spell: Irradiate
 40318 | Snake:2  | Reached skill level 11 in Spellcasting
 41745 | Snake:3  | Reached skill level 12 in Spellcasting
 42310 | Snake:4  | Entered Level 4 of the Snake Pit
 42655 | Snake:3  | Received a gift from Sif Muna
 42782 | Snake:4  | Found Orghehadut's Magic Scroll Shop.
 43230 | Snake:4  | Bought a scroll of blinking for 142 gold pieces
 43230 | Snake:4  | Bought a scroll of blinking for 142 gold pieces
 43230 | Snake:4  | Bought 3 scrolls of blinking for 427 gold pieces
 43242 | Snake:4  | Found a transporter.
 43249 | Snake:4  | Found a transporter.
 43252 | Snake:4  | Found a transporter.
 43254 | Snake:4  | Found a transporter.
 43258 | Snake:4  | Found a transporter.
 43258 | Snake:4  | Found a transporter.
 43279 | Snake:4  | Reached skill level 13 in Spellcasting
 43460 | Snake:4  | Reached XP level 17. HP: 148/148 MP: 28/34
 43482 | Snake:4  | Reached skill level 10 in Invocations
 43894 | Snake:4  | Received a gift from Sif Muna
 43897 | Snake:4  | Got Sif Muna's Compendium of the Translocational Bane {god
                  | gift}
 44324 | Snake:4  | Noticed a quicksilver dragon
 44324 | Snake:4  | Noticed a quicksilver dragon
 44329 | Snake:4  | Killed a quicksilver dragon
 44330 | Snake:4  | Killed a quicksilver dragon
 44589 | Snake:4  | Got a serpentine rune of Zot
 44724 | Snake:1  | Killed jujuben's ghost
 44730 | Snake:1  | Identified the ring "Kaychav" {Fire rPois}
 44731 | Snake:1  | Identified a ring of the Octopus King {rCorr HP+2 AC+2 EV+2
                  | SH+2}
 44748 | Snake:1  | Learned a level 6 spell: Plasma Beam
 44754 | Snake:1  | Learned a level 5 spell: Freezing Cloud
 45086 | Swamp:1  | Entered Level 1 of the Swamp
 45119 | Swamp:1  | Noticed Aizul
 45139 | Lair:2   | Killed Aizul
 45430 | Lair:2   | Reached skill level 14 in Spellcasting
 45512 | Lair:2   | Learned a level 5 spell: Arcjolt
 45853 | Swamp:1  | Reached skill level 1 in Fire Magic
 45947 | Swamp:1  | Identified the +6 sling of Fundamental Breach {flame, Drain
                  | rC+ Will+ Int+3}
 46799 | Swamp:2  | Reached skill level 5 in Fire Magic
 47978 | Swamp:3  | Noticed Louise
 48293 | Swamp:4  | Entered Level 4 of the Swamp
 48479 | Swamp:4  | Received a gift from Sif Muna
 49077 | Swamp:4  | Found an ancient bone altar of Kikubaaqudgha.
 49294 | Swamp:4  | Got the Codex of Exhumation
 49642 | Swamp:4  | Reached skill level 15 in Spellcasting
 49995 | Swamp:4  | Reached XP level 18. HP: 155/155 MP: 22/37
 50234 | Swamp:4  | Received a gift from Sif Muna
 50235 | Swamp:4  | Got Zal Mycogg's Almanac of Glamour {god gift}
 50251 | Swamp:4  | Noticed the 27-headed Lernaean hydra
 50255 | Swamp:4  | Upgraded the game from 0.30.1-3-gfc49f6343a to
                  | 0.30.1-4-g462c640d31
 50262 | Swamp:4  | Killed the 27-headed Lernaean hydra
 50488 | Swamp:4  | Got a decaying rune of Zot
 50789 | Swamp:3  | Killed Louise
 51128 | Lair:1   | Killed Babbit's ghost
 51407 | D:14     | Killed Kilet's ghost
 51641 | D:9      | Killed Jorgrun
 51740 | Orc:1    | Killed Maurice
 52245 | Orc:2    | Entered Level 2 of the Orcish Mines
 52400 | Orc:2    | Received a gift from Sif Muna
 52402 | Orc:2    | Got Sif Muna's Reference Book on the Missiles {god gift}
 52957 | Orc:2    | Reached skill level 16 in Spellcasting
 53022 | Orc:2    | Noticed Donald
 53032 | Orc:2    | Killed Donald
 53042 | Orc:2    | Reached ****** piety under Sif Muna
 53084 | Orc:2    | Found Akle's General Store.
 53172 | Orc:2    | Found Ohes's Magic Scroll Shop.
 53450 | Orc:2    | Found a transporter.
 53471 | Orc:2    | Found a bloodstained altar of Trog.
 53471 | Orc:2    | Noticed Jingleheimer's ghost (journeyman MeFi)
 53499 | Orc:2    | Found a staircase to the Elven Halls.
 53519 | Orc:2    | Found a transporter.
 54204 | Orc:2    | Found Sesokk's Jewellery Emporium.
 54204 | Orc:2    | Found Plog's Antique Armour Shoppe.
 54204 | Orc:2    | Found a one-way gate leading to the halls of Pandemonium.
 54258 | Orc:2    | Found Poxiarr's Antique Weapon Emporium.
 54343 | Orc:2    | Killed Jingleheimer's ghost
 54483 | Orc:2    | Received a gift from Sif Muna
 54686 | Orc:2    | Got Luhiyq's Compendium of the Evolving Wyrd {god gift}
 54779 | Orc:2    | Bought a ring of willpower for 375 gold pieces
 55285 | Elf:1    | Entered Level 1 of the Elven Halls
 55321 | Elf:1    | Reached skill level 10 in Dodging
 55603 | Elf:1    | Found Gynun's Distillery.
 55649 | Elf:1    | Paralysed by an air elemental for 1 turns
 55767 | Elf:1    | Found Qec Gagh's General Store.
 55803 | Elf:1    | Found Ritz's Book Shoppe.
 55840 | Elf:1    | Noticed Zenata
 55885 | Elf:1    | Found a flickering gateway to a bazaar.
 55897 | Bazaar   | Entered a bazaar
 55897 | Bazaar   | Found Emen's Magic Scroll Shop.
 55897 | Bazaar   | Found Amaelona's General Store.
 55897 | Bazaar   | Found Xiunayst's Distillery.
 55899 | Bazaar   | Found Sahodwor's Antique Weapon Boutique.
 55970 | Bazaar   | Bought a potion of heal wounds for 40 gold pieces
 55970 | Bazaar   | Bought a potion of invisibility for 64 gold pieces
 55970 | Bazaar   | Bought a potion of mutation for 64 gold pieces
 55970 | Bazaar   | Bought a potion of heal wounds for 40 gold pieces
 55970 | Bazaar   | Bought a potion of haste for 80 gold pieces
 55970 | Bazaar   | Bought a potion of invisibility for 64 gold pieces
 55981 | Bazaar   | Bought a potion of heal wounds for 80 gold pieces
 55981 | Bazaar   | Bought a scroll of blinking for 120 gold pieces
 56127 | Elf:1    | Reached skill level 17 in Spellcasting
 56371 | Elf:1    | Identified the +5 kite shield of Notif {rElec MP-9 Str+2
                  | Int+3}
 56371 | Elf:1    | Noticed Asterion
 56387 | Elf:1    | Killed Asterion
 56595 | Elf:1    | Killed Zenata
 56630 | Orc:2    | Learned a level 5 spell: Silence
 56923 | Elf:1    | Noticed Agnes
 56933 | Elf:1    | Killed Agnes
 56935 | Abyss:3  | Found a large runed translucent door.
 56935 | Abyss:3  | Found a large runed translucent door.
 56935 | Abyss:3  | Found a large runed translucent door.
 56935 | Abyss:3  | Found a large runed translucent door.
 56935 | Abyss:3  | Found a large runed translucent door.
 56935 | Abyss:3  | Found a large runed translucent door.
 56935 | Abyss:3  | Found a large runed translucent door.
 56935 | Abyss:3  | Found a large runed translucent door.
 56935 | Abyss:3  | Found a runed translucent door.
 56935 | Abyss:3  | Found a runed translucent gate.
 56935 | Abyss:3  | Found a runed translucent gate.
 56935 | Abyss:3  | Found a runed translucent door.
 56935 | Abyss:3  | Found a runed translucent gate.
 56935 | Abyss:3  | Cast into level 3 of the Abyss (a deep elf sorcerer)
 56938 | Abyss:3  | Found a large runed translucent door.
 56938 | Abyss:3  | Found a large runed translucent door.
 56938 | Abyss:3  | Found a large runed translucent door.
 57050 | Abyss:3  | Found a corrupted altar of Lugonu.
 57057 | Abyss:3  | Found a large runed translucent door.
 57057 | Abyss:3  | Found a large runed translucent door.
 57058 | Abyss:3  | Found a large runed translucent door.
 57058 | Abyss:3  | Found a large runed translucent door.
 57064 | Abyss:3  | Found a large runed translucent door.
 57064 | Abyss:3  | Found a large runed translucent door.
 57065 | Abyss:3  | Found a large runed translucent door.
 57065 | Abyss:3  | Found a runed translucent gate.
 57065 | Abyss:3  | Found a runed translucent door.
 57066 | Abyss:3  | Found a large runed translucent door.
 57066 | Abyss:3  | Found a runed translucent gate.
 57075 | Abyss:3  | Found a runed translucent door.
 57075 | Abyss:3  | Found a runed translucent gate.
 57133 | Elf:1    | Escaped the Abyss
 57139 | Elf:1    | Reached XP level 19. HP: 161/161 MP: 35/40
 57806 | Elf:2    | Paralysed by an air elemental for 1 turns
 58058 | Elf:2    | Received a gift from Sif Muna
 58175 | Elf:2    | Got Sif Muna's Octavo of Spatial Chilblains {god gift}
 58622 | Elf:2    | Found a runed translucent gate.
 58622 | Elf:2    | Found a runed translucent gate.
 58623 | Elf:2    | Found a runed translucent gate.
 58728 | Elf:2    | Reached skill level 18 in Spellcasting
 60837 | D:15     | Learned a level 7 spell: Storm Form
 60840 | Depths:1 | Entered Level 1 of the Depths
 61115 | Depths:1 | Found Zaetri's Blood Bar.
 62084 | Depths:1 | Received a gift from Sif Muna
 62087 | Depths:1 | Got Liselite's Essays on Ignition {god gift}
 62290 | Depths:1 | Reached skill level 19 in Spellcasting
 62825 | Depths:1 | Found a gateway to Hell.
 62844 | Depths:1 | Identified the +0 scale mail of Tylyxku {*Slow rC+ Str+3
                  | Dex+7}
 63568 | Depths:2 | Gained mutation: You sometimes lose your temper in combat.
                  | [a neqoxec]
 63599 | D:15     | Lost mutation: You sometimes lose your temper in combat.
                  | [potion of mutation]
 63599 | D:15     | Gained mutation: You occasionally lose the ability to drink
                  | potions when taking damage. [potion of mutation]
 63599 | D:15     | Gained mutation: Your tail ends in a venomous barb. [potion
                  | of mutation]
 63599 | D:15     | Gained mutation: You have a pair of small horns on your
                  | head. [potion of mutation]
 63707 | Depths:2 | Noticed Saint Roka
 63717 | Depths:2 | Killed Saint Roka
 64722 | Depths:2 | Found an iron altar of Okawaru.
 64820 | Depths:2 | Reached XP level 20. HP: 169/169 MP: 36/43
 65393 | Depths:2 | Received a gift from Sif Muna
 65394 | Depths:2 | Got Tuxosoc's Textbook on Niveous Conjury {god gift}
 66133 | Depths:2 | Noticed a juggernaut
 66387 | Depths:2 | Killed a juggernaut
 66781 | Depths:3 | Found a one-way gate to the infinite horrors of the Abyss.
 66856 | Depths:3 | Reached skill level 20 in Spellcasting
 66958 | Depths:3 | Found Pedelekk's Jewellery Boutique.
 66967 | Depths:3 | Bought the ring "Cops" {rPois rN+ Will+ Str-4 SInv} for 469
                  | gold pieces
 67166 | Depths:3 | Noticed a juggernaut
 67174 | Depths:3 | Killed a juggernaut
 67176 | Depths:3 | Noticed a caustic shrike
 67181 | Depths:3 | Killed a caustic shrike
 67414 | Depths:3 | Noticed a caustic shrike
 67420 | Depths:3 | Killed a caustic shrike
 68171 | Depths:3 | Found a hazy altar of Hepliaklqana.
 68398 | Depths:3 | Identified the +7 spear of Somewhere Else {venom, rElec
                  | Dex+2}
 68617 | Depths:3 | Noticed a caustic shrike
 68621 | Depths:3 | Noticed a caustic shrike
 68623 | Depths:3 | Noticed a caustic shrike
 68685 | Depths:3 | HP: 6/259 [vampire knight/+0 dire flail (19)]
 68931 | Depths:3 | Killed a caustic shrike
 68945 | Depths:3 | Killed a caustic shrike
 68951 | Depths:3 | Killed a caustic shrike
 69380 | Depths:4 | Entered Level 4 of the Depths
 69401 | Depths:4 | Noticed Grunn
 69401 | Depths:4 | Noticed a doom hound
 69483 | Depths:4 | Noticed a juggernaut
 69669 | Depths:4 | Noticed a doom hound
 69673 | Depths:3 | Received a gift from Sif Muna
 69677 | Depths:3 | Got Sif Muna's Secrets of Hypothermia and Haze {god gift}
 69853 | Depths:3 | Killed a juggernaut
 69854 | Depths:3 | Reached skill level 21 in Spellcasting
 69860 | Depths:3 | Noticed a bone dragon
 69866 | Depths:3 | Noticed a bone dragon
 69867 | Depths:3 | Killed a bone dragon
 69882 | Depths:3 | Killed a bone dragon
 70228 | Depths:3 | Killed a doom hound
 70492 | Depths:3 | Learned a level 8 spell: Maxwell's Capacitive Coupling
 70502 | Depths:3 | Mangled by a doom hound

Illustrated notes

Levels and vault maps discovered:
D:1:      spicycebolla_green_bress_n_ham_2, layout_rooms,
          wander_ebering_terrifying_dragon_lair
D:2:      layout_loops_cross, basic_altar
D:3:      layout_basic, nicolae_overflow_hidden_temple,
          gammafunk_temple_overflow_pools
D:4:      layout_basic
D:5:      layout_basic
D:6:      layout_basic, mainiacjoe_overflow_brackets, uniq_sigmund, uniq_grinder
D:7:      layout_loops_corners, mainiacjoe_overflow_tiny_flanked,
          minmay_temple_entry_butterflies, serial_shops,
          nicolae_shop_tiny_glass, nicolae_shop_fire_sale
          [nicolae_sub_dead_trees]
D:8:      layout_loops_ring, kennysheep_mini, david_lair_generic,
          kennysheep_generic_room_16
D:9:      layout_cave_pools, mainiacjoe_overflow_boulevard,
          mainiacjoe_overflow_alcove_2
D:10:     layout_cave_pods
D:11:     layout_loops_corners, serial_rivers, chequers_serial_rivers_micro_c,
          chequers_serial_rivers_small_3, chequers_serial_rivers_small_b,
          chequers_serial_rivers_micro_a, chequers_serial_rivers_micro_c,
          chequers_serial_rivers_micro_c
D:12:     minmay_shoctagon, layout_basic
D:13:     layout_irregular_city, lightli_vaults_fourway_checkpoint,
          kennysheep_decorative_pillar, dk_noncrumbling_3,
          chequers_serial_rivers_small_3, nicolae_yredelemnul_corpse_copse
D:14:     layout_rooms, dreamdust_wishing_well, ebering_ghost_reflecting_pool,
          chequers_arboretum
D:15:     gammafunk_enter_depths_forms, layout_basic, special_room
          [special_room_mythical_zoo], amcnicky_mini_rare_corridor_liquid,
          serial_shops, nicolae_shop_pleasant_corner_grove
Temple:   compressed_dpeg_circular_temple
Lair:1:   layout_roguey, gammafunk_ghost_ooze, st_stairs_7,
          serial_bayou_shore_b, grunt_megastairs_3
Lair:2:   cheibrodos_lair_overgrown_chateau, layout_gridlike,
          minmay_swamp_entry_worms, minivault_24, uniq_fannar
Lair:3:   layout_long_grid, nicolae_snake_entry_warm_welcome,
          grunt_forest_small_clearing_treed, uniq_amaemon
Lair:4:   layout_long_grid, dpeg_slime_entry_corner, gauntlet_entry_generic,
          uniq_josephine, uniq_sonja
Lair:5:   evilmike_catoblepas_cave, layout_cave_pods
Swamp:1:  layout_falls_marsh, evilmike_swamp_ruin_rubble_2, grunt_hermit_hut,
          uniq_aizul
Swamp:2:  layout_basic_swamp, nicolae_swamp_some_circles
Swamp:3:  layout_falls_marsh, hangedman_swamp_ruin_wall, uniq_louise
Swamp:4:  swamp_vile, layout_basic_swamp, swamp_pool1, beargit_kiku_chapel
Snake:1:  layout_onion, ebering_ghost_xom, nicolae_integral_box
Snake:2:  nicolae_cobra_stairs, layout_layer_cave, st_stairs_8,
          lemuel_fruit_tree
Snake:3:  layout_basic, serial_bayou_pond_a, guppyfry_snake_island
Snake:4:  hellmonk_snake_rune_quicksilver_temple, layout_onion_interference,
          serial_shops, shop, serial_nicolae_subway, nicolae_sub_station_stone,
          nicolae_sub_station_crystal, nicolae_sub_station_metal
Orc:1:    layout_caves, nicolae_volcano_entry_s_turn, uniq_jorgrun, uniq_maurice
Orc:2:    pf_orc_diabolical, layout_caves, serial_shops, shop,
          gammafunk_ghost_wrathful_warriors, minmay_orc_barracks, uniq_donald
Elf:1:    layout_loops_cross, serial_shops, freezing_bzr,
          nicolae_shop_rolling_square, nicolae_shop_hallway_plus, shop,
          minmay_elf_sorcery, nicolae_elf_free_trip_to_the_abyss, uniq_asterion,
          uniq_agnes, uniq_zenata
Elf:2:    nicolae_elf_blades_splatter_lattice
          [nicolae_blade_entry_crossed_weapons], layout_geoelf_grid,
          einodemon_crawler_minivault
Depths:1: layout_honeycomb, lightli_too_deep, hangedman_decor_slide_cut,
          grunt_decor_arrowhead, guppyfry_shop_blood, serial_bayou_shore_b
Depths:2: minmay_mutant_horseshoe, layout_honeycomb,
          hellmonk_okawaru_the_only_friend_you_need, hellmouth_3,
          rand_demon_pan_entry_3, grunt_decor_one_mirror,
          minmay_misc_feat_diagonals, uniq_saint_roka
Depths:3: minmay_triangles_in_corner, layout_twisted_cross, pf_coc_iceberg,
          nicolae_hepliaklqana_hippocampus, serial_shops, shop, abyss_entry
Depths:4: grunt_crosshair, layout_cave_pools, enter_ziggurat_c, serial_shops,
          nicolae_shop_rolling_square, abyss_entry, enter_trove_3,
          kiku_gazebo_pond_becter, hellmouth_1, doesnt_xom_only_xom, uniq_grunn

Skill      XL: |  1  2  3  4  5  6  7  8  9 10 11 12 13 14 15 16 17 18 19 20 |
---------------+-------------------------------------------------------------+-----
Transmutations | 3 4 5 6 7 9 12 15 | 15.0
Unarmed Combat | 4 5 6 7 9 11 12 14 | 14.0
Fighting       | 7 9 11 12 14 | 14.4
Spellcasting   | 7 10 13 15 17 19 21 | 21.1
Dodging        | 7 8 10 12 | 12.4
Invocations    | 2 7 9 11 | 11.0
Air Magic      | 5 11 13 14 | 14.0
Fire Magic     | 5 |  5.0

Action                     |  1- 3 |  4- 6 |  7- 9 | 10-12 | 13-15 | 16-18 | 19-21 || total
---------------------------+-------+-------+-------+-------+-------+-------+-------++-------
  Melee: Unarmed           |   112 |   170 |   210 |   419 |   712 |   746 |   444 ||  2813
         Kick              |    20 |    35 |     3 |       |       |       |       ||    58
         Headbutt          |    12 |    29 |     1 |       |       |       |       ||    42
         Tailslap          |    11 |    20 |    19 |    47 |   108 |   141 |    64 ||   410
         Punch             |     2 |     2 |     6 |    22 |    52 |    76 |    53 ||   213
         Morningstar       |       |       |       |       |    16 |       |       ||    16
         Glaive            |       |       |       |       |    16 |     1 |       ||    17
         Bite              |       |       |       |       |     6 |    80 |    48 ||   134
   Cast: Beastly Appendage |    29 |    27 |     3 |       |       |       |       ||    59
         Wereblood         |     1 |     1 |     3 |     1 |     4 |       |       ||    10
         Spider Form       |       |     5 |     3 |     4 |    43 |       |       ||    55
         Ice Form          |       |       |     2 |    25 |    18 |       |       ||    45
         Ignite Poison     |       |       |       |       |    90 |     7 |       ||    97
         Mephitic Cloud    |       |       |       |       |    65 |     7 |     2 ||    74
         Airstrike         |       |       |       |       |    85 |    38 |    11 ||   134
         Summon Lightning  |       |       |       |       |    49 |    43 |    15 ||   107
         Blade Hands       |       |       |       |       |    30 |       |       ||    30
         Dragon Form       |       |       |       |       |     8 |   149 |    60 ||   217
         Irradiate         |       |       |       |       |       |    16 |    17 ||    33
         Arcjolt           |       |       |       |       |       |    24 |     9 ||    33
         Freezing Cloud    |       |       |       |       |       |    25 |    43 ||    68
         Plasma Beam       |       |       |       |       |       |    16 |    50 ||    66
         Silence           |       |       |       |       |       |     2 |     5 ||     7
         Storm Form        |       |       |       |       |       |       |    20 ||    20
Ability: Breathe Steam     |       |       |    30 |    58 |    46 |       |       ||   134
         End Transformatio |       |       |       |       |     2 |       |       ||     2
         Blinkbolt         |       |       |       |       |       |       |     2 ||     2
  Evoke: Wand              |       |       |       |     5 |     3 |     9 |       ||    17
         Box of beasts     |       |       |       |       |     1 |       |       ||     1
         Phial of floods   |       |       |       |       |     1 |     1 |       ||     2
    Use: Potion            |       |       |     1 |     5 |     3 |     1 |     5 ||    15
         Scroll            |       |       |       |    25 |    20 |     7 |     5 ||    57
   Stab: Sleeping          |     1 |     1 |       |       |       |     1 |       ||     3
         Confused          |       |       |       |       |     9 |     4 |       ||    13
         Distracted        |       |       |       |       |     4 |     1 |       ||     5
         Petrifying        |       |       |       |       |     1 |       |       ||     1
         Petrified         |       |       |       |       |     1 |       |       ||     1
 Armour: Skin              |    28 |    29 |    93 |   166 |   350 |   382 |   189 ||  1237
  Dodge: Dodged            |    57 |    99 |   116 |   272 |   698 |   368 |   335 ||  1945
  Block: Other             |       |       |       |       |       |    33 |       ||    33
